Map: Ascension to Aiur LE

Players

MightyKiwi - Winner!

  • Race: Zerg Zerg
  • Spawn Location: 11:00

ZergGirl

  • Race: Zerg Zerg
  • Spawn Location: 5:00

Event: WCS Montreal 2017

VOD

Have the link to the VOD?

Description

Time

  • Played on: Sept. 8, 2017, 11:40 a.m.
  • Length: 8:13

All games in this series

Show
View Real Time Build Order
Export as new Build Order

MightyKiwi Zerg - Winner!

Build Orders: Pool First 

Get SALT Encoding   

  12  0:00  Drone  
  13  0:12  Overlord  
  13  0:20  Drone  
  14  0:31  Drone x2  
  16  0:38  Drone  
  17  0:44  Extractor  
  17  0:45  Drone  
  17  0:52  Spawning Pool  
  17  0:55  Drone  
  17  1:16  Hatchery  
  16  1:38  Zergling x6  
  19  1:42  Queen  
  19  1:47  Metabolic Boost  
  21  1:55  Overlord  
  21  2:04  Drone  
  22  2:08  Baneling Nest  
  22  2:11  Drone  
  22  2:22  Queen  
  22  2:27  Drone  
  25  2:36  Zergling x2  
  26  2:41  Drone x2  
  26  2:43  Drone  
  29  2:49  Drone x2  
  31  2:52  Drone  
  31  2:55  Baneling  
  31  2:56  Baneling  
  32  3:02  Drone  
  33  3:06  Overlord  
  33  3:09  Drone x2  
  33  3:12  Drone  
  36  3:31  Drone, Zergling x2  
  36  3:32  Zergling x4  
  38  3:36  Hatchery  
  38  3:39  Drone  
  38  3:40  Zergling x2  
  38  3:41  Drone  
  40  3:44  Drone  
  40  3:45  Drone  
  42  3:48  Overlord  
  42  3:54  Baneling x2  
  42  3:56  Zergling x4  
  44  4:03  Overlord  
  44  4:06  Spine Crawler  
  44  4:09  Zergling x8  
  47  4:21  Zergling x8  
  47  4:22  Zergling x2  
  46  4:31  Zergling x4  
  46  4:37  Zergling x4  
  48  4:40  Drone x3  
  48  4:41  Extractor  
  48  4:42  Overlord, Roach Warren  
  49  4:48  Drone x3  
  49  4:50  Drone  
  53  4:55  Drone  
  54  5:03  Baneling x4  
  54  5:05  Zergling x2  
  54  5:06  Zergling x4  
  56  5:09  Zergling x8  
  60  5:23  Zergling x6  
  60  5:24  Zergling x6  
  60  5:26  Baneling x6  
  60  5:38  Zergling x2  
  60  5:39  Zergling x14  
  59  5:43  Drone x2  
  59  5:45  Drone  
  59  5:46  Drone  
  62  5:51  Drone  
  62  5:54  Lair  
  62  5:58  Extractor  
  62  5:59  Overlord, Evolution Chamber  
  60  6:11  Drone x5  
  60  6:25  Roach x6  
  69  6:40  Roach x2  
  69  6:44  Overlord x2  
  70  7:06  Roach  
  70  7:07  Roach x7  
  85  7:16  Roach x2  
  85  7:18  Overlord x2  
  85  7:19  Baneling x4  
  87  7:31  Roach  
  79  7:39  Zergling x14  
  79  7:41  Baneling  
  79  7:42  Baneling x6  
  86  7:47  Zergling x2  
  86  7:48  Zergling x12  
Show
View Real Time Build Order
Export as new Build Order

ZergGirl Zerg 

Build Orders: Hatch First 

Get SALT Encoding   

  12  0:01  Drone  
  13  0:12  Overlord  
  13  0:18  Drone  
  14  0:31  Drone x2  
  14  0:34  Drone  
  17  0:52  Hatchery  
  17  0:55  Drone  
  17  0:59  Drone  
  18  1:05  Extractor  
  17  1:15  Spawning Pool  
  17  1:17  Drone  
  17  1:20  Drone  
  18  1:28  Drone  
  19  1:38  Overlord  
  19  2:02  Queen  
  19  2:04  Queen  
  19  2:05  Zergling x6  
  26  2:08  Metabolic Boost  
  26  2:13  Drone  
  27  2:17  Drone  
  27  2:21  Drone  
  29  2:27  Drone  
  30  2:32  Drone  
  31  2:39  Baneling Nest  
  29  2:45  Zergling x4  
  31  2:55  Spine Crawler  
  31  2:57  Zergling x2  
  31  2:58  Drone  
  32  2:59  Queen  
  32  3:04  Drone  
  35  3:08  Overlord  
  35  3:17  Overlord  
  35  3:30  Zergling x4  
  35  3:31  Zergling x4  
  35  3:32  Zergling x4  
  34  3:38  Zergling x2  
  34  3:41  Zergling x2  
  34  3:45  Evolution Chamber  
  34  3:50  Zergling x8  
  34  3:52  Baneling  
  39  3:55  Zergling x2  
  39  4:03  Zergling x6  
  39  4:05  Baneling x2  
  32  4:31  Zergling x2  
  32  4:32  Zergling x16  
  32  4:37  Zerg Melee Weapons Level 1  
  40  4:41  Zergling x2  
  40  4:42  Zergling x2  
  40  4:44  Zergling x2  
  43  5:03  Zergling x6  
  46  5:08  Zergling x10  
  46  5:11  Baneling x2  
  46  5:12  Baneling  
  39  5:39  Zergling x2  
  39  5:40  Zergling x18  
  46  5:48  Zergling x4  
  45  5:52  Baneling  
  45  5:53  Baneling x4  
  44  5:59  Zergling x2  
  44  6:00  Zergling x2  
  42  6:11  Zergling x4  
  38  6:28  Zergling x12  
  44  6:39  Zergling x6  
  42  6:47  Zergling x10  
  42  6:48  Zergling x4  
  49  6:57  Zergling x2  
  49  6:58  Zergling x2  
  47  7:12  Zergling x6  
  47  7:17  Zergling x4  
  47  7:18  Zergling x6  
  52  7:29  Zergling x6  
  51  7:35  Zergling x4  
  43  7:45  Zergling x6  
  44  7:55  Zergling x6  
Tags
 
Add a new tag
Caveats
  • Supply blocks, unpowered buildings, or Contaminate may cause inaccurate times.
  • Supply counts are checked every 10 seconds.